 Dungeon Crawl Stone Soup version 0.21-a0-349-g0c35859 (webtiles) character file.

32 tidbits the Scratcher (level 3, 16/16 HPs)
             Began as a Felid Transmuter on Oct 8, 2017.
             Was an Initiate of Okawaru.
             Quit the game on level 4 of the Dungeon.
             The game lasted 00:06:15 (747 turns).

tidbits the Scratcher (Felid Transmuter)             Turns: 747, Time: 00:06:16

Health: 16/16      AC:  1    Str:  6    XL:     3   Next: 10%
Magic:  7/7        EV: 18    Int: 15    God:    Okawaru [......]
Gold:   102        SH:  0    Dex: 16    Spells: 3/6 levels left
                                        Lives:  0   Deaths: 1

rFire    . . .     SeeInvis +     - Unarmed
rCold    . . .     Gourm    .   (shield unavailable)
rNeg     . . .     Faith    .   (armour unavailable)
rPois    .         Spirit   .   (helmet unavailable)
rElec    .         Reflect  .   (cloak unavailable)
rCorr    .         Harm     .   (gloves unavailable)
MR       .....                  (boots unavailable)
Stlth    ++........             (no amulet)
HPRegen  0.05/turn              e - ring of flight
MPRegen  0.10/turn              (no ring)

@: quick
A: no armour, no weapons or thrown items, stealth, claws 1, fangs 3, see
invisible, carnivore 3, speed 1, shaggy fur 1, slow metabolism 1, sharp paws
a: Renounce Religion, Evoke Flight


You were on level 4 of the Dungeon.
You worshipped Okawaru.
Okawaru was noncommittal.
You were not hungry.

You visited 1 branch of the dungeon, and saw 4 of its levels.

You collected 102 gold pieces.

Inventory:

Missiles
 a - 3 arrows
Jewellery
 e - a ring of flight (left paw)
   (You found it on level 1 of the Dungeon)
Wands
 m - a wand of digging (8/24)
Scrolls
 f - 4 scrolls of teleportation
 i - a scroll of fear {unknown}
 k - a scroll of immolation {unknown}
Potions
 d - a potion of curing {unknown}
 h - a potion of heal wounds {unknown}
 j - 2 potions of flight
 l - a potion of degeneration {unknown}
 n - a potion of brilliance {unknown}
Books
 b - a book of Changes

   Spells                             Type                      Level
   a - Beastly Appendage              Transmutation                1
   b - Sticks to Snakes               Transmutation                2
   c - Spider Form                    Transmutation/Poison         3
   d - Ice Form                       Ice/Transmutation            4
   e - Blade Hands                    Transmutation                5
Comestibles
 c - 2 meat rations


   Skills:
 - Level 1.6 Fighting
 - Level 3.3 Dodging
 + Level 1.2 Stealth
 + Level 3.5 Unarmed Combat
 - Level 2.3 Spellcasting
 - Level 2.7 Transmutations
 + Level 0.8 Invocations


You had 3 spell levels left.
You knew the following spells:

 Your Spells              Type           Power        Failure   Level  Hunger
e - Beastly Appendage     Tmut           #.....       7%          1    #......
k - Sticks to Snakes      Tmut           #.......     11%         2    ###....


Dungeon Overview and Level Annotations

Branches:
Dungeon (4/15)
 Temple: D:4-7

Altars:
Okawaru


Innate Abilities, Weirdness & Mutations

You cannot wear armour.
You are incapable of wielding weapons or throwing items.
Your paws allow you to move quietly. (Stealth)
You have sharp claws.
You have razor-sharp teeth.
You have supernaturally acute eyesight. (SInv)
You are carnivorous and can eat meat at any time.
You cover ground quickly.
You are covered in fur. (AC +1)
You have a slow metabolism.
Your sharp claws are effective at attacking unaware monsters.


Message History

You headbutt the worker ant.
The worker ant is severely wounded.
Your ball python bites the worker ant but does no damage.
Your ball python constricts the worker ant.
The worker ant bites you.
* * * LOW HITPOINT WARNING * * *
You are lethally poisoned!
The worker ant poisons you!
You scratch the worker ant.
You kill the worker ant!
Okawaru accepts your kill.
Your Stealth skill increases to level 1!
You have reached level 4!
Extra life!
* * * LOW HITPOINT WARNING * * *
You feel sick.
It was a potion of lignification.
Your horns disappear.
You turn into a tree.
Your roots penetrate the ground.
* * * LOW HITPOINT WARNING * * *
You feel sick.
It was a potion of ambrosia.
You are confused.
You feel invigorated.
You feel sick.
You feel sick.
You feel sick.
You feel less invigorated.
You feel less confused.
You start waiting.
You feel sick.
Your ball python withers and dies!
Your transformation is almost over.
You start resting.
You feel sick. x2
You feel less wooden.
You feel sick.
You are no longer poisoned.
d - a bubbling white potion
Found a scroll of teleportation.
A worker ant comes into view.
The worker ant twitches its antennae in your direction.
You see here a scroll of teleportation.
f - 4 scrolls of teleportation (gained 1)
Casting: Sticks to Snakes
Confirm with . or Enter, or press ? or * to list all spells.
You grow a pair of large bovine horns.
Casting: Beastly Appendage
Confirm with . or Enter, or press ? or * to list all spells.
You miscast Sticks to Snakes.
You are very lightly contaminated with residual magic.
Nothing appears to happen.
Your transformation is almost over.
The worker ant misses you.
Casting: Sticks to Snakes
Confirm with . or Enter, or press ? or * to list all spells.
You create a snake!
You now have 4 arrows.
The worker ant closely misses you. The worker ant completely misses you.
You scratch the worker ant.
The worker ant is moderately wounded.
Your ball python bites the worker ant but does no damage.
Your ball python grabs the worker ant.
Your ball python constricts the worker ant.
Your ball python bites the worker ant.
Your ball python constricts the worker ant.
The worker ant misses you.
You scratch the worker ant but do no damage.
The worker ant is moderately wounded.
Your ball python bites the worker ant.
Your ball python constricts the worker ant.
The worker ant completely misses you.
You scratch the worker ant but do no damage.
The worker ant is heavily wounded.
Your ball python bites the worker ant.
Your ball python constricts the worker ant.
The worker ant bites your ball python!
Your ball python dies!
You scratch the worker ant but do no damage.
The worker ant is heavily wounded.
The worker ant bites you!
* * * LOW HITPOINT WARNING * * *
Casting: Sticks to Snakes
Confirm with . or Enter, or press ? or * to list all spells.
You create a snake!
You now have 3 arrows.
The worker ant completely misses you.
You scratch the worker ant but do no damage.
You headbutt the worker ant, but do no damage.
The worker ant is heavily wounded.
The worker ant closely misses you. The phantom hits you!
* * * LOW HITPOINT WARNING * * *
You scratch the worker ant.
The worker ant is severely wounded.
The worker ant bites you but does no damage.
The phantom hits you.
You die...
Your shape twists and changes as you die.
Your ball python bites the phantom but does no damage.
You are now level 3!
Your horns disappear.
You rejoin the land of the living...
Are you sure you want to abandon this character and quit the game? (Confirm with "yes".)

#####
######...#
#.@....%.#
#.#.#.#..#
#........#
#.#.#.#..#
#........#
##.#.#.#..##
#..........#
##....†.....#
##...........#


There were no monsters in sight!

Vanquished Creatures
  A worker ant (D:4)
  A gnoll (D:2)
  An ooze (D:1)
  A giant cockroach (D:4)
  3 goblins
  6 jackals (D:1)
  6 kobolds
  2 bats (D:1)
  A rat (D:2)
22 creatures vanquished.

Vanquished Creatures (collateral kills)
  A gnoll (D:2)
  A leopard gecko (D:1)
  An orc (D:3)
  A goblin (D:1)
  A hobgoblin (D:3)
  2 kobolds (D:1)
  A rat (D:1)
8 creatures vanquished.

Grand Total: 30 creatures vanquished

Notes
Turn   | Place    | Note
-------+----------+-------------------------------------------
     0 | D:1      | tidbits the Felid Transmuter began the quest for the Orb.
     0 | D:1      | Reached XP level 1. HP: 9/9 MP: 4/4
    57 | D:1      | Reached XP level 2. HP: 11/12 MP: 6/6
    64 | D:1      | Learned a level 2 spell: Sticks to Snakes
   132 | D:1      | Reached skill level 3 in Dodging
   183 | D:1      | Found an iron altar of Okawaru.
   194 | D:1      | Became a worshipper of Warmaster Okawaru
   304 | D:2      | Reached XP level 3. HP: 9/15 MP: 5/7
   668 | D:4      | Noticed a phantom
   695 | D:4      | Reached skill level 1 in Stealth
   695 | D:4      | Reached XP level 4. HP: 5/19 MP: 4/8
   746 | D:4      | Slain by a phantom
   747 | D:4      | Reached XP level 3. HP: 0/16 MP: 3/7
   747 | D:4      | Quit the game

Vault maps used:
D:1:      minmay_arrival_radiant_lines, okawaru_ov_weapons_minmay
D:2:      gammafunk_temple_overflow_wave
D:3:      grunt_temple_overflow_open, serial_corexii_hall,
          corexii_hall_statues_i, corexii_hall_statues_l,
          corexii_hall_statues_deadend, corexii_hall_statues_x,
          corexii_hall_statues_l, corexii_hall_statues_l
D:4:      cheibrodos_helix_gallery, first_bread, serial_glass, glass_columns_a,
          glass_columns_b, grunt_decor_resistance, uniq_pikel

Skill      XL: |  1  2  3 |
---------------+----------+-----
Dodging        | 3 |  3.3
Stealth        | 1 |  1.2
Fighting       | |  1.6
Unarmed Combat | |  3.5
Spellcasting   | |  2.3
Transmutations | |  2.7
Invocations    | |  0.8

Action                   |  1- 3 |  4- 6 || total
-------------------------+-------+-------++-------
Melee: Unarmed           |    60 |     6 ||    66
       Bite              |     5 |       ||     5
       Headbutt          |     7 |     1 ||     8
       Punch             |     1 |       ||     1
 Cast: Beastly Appendage |    10 |     1 ||    11
       Sticks to Snakes  |     7 |     2 ||     9
  Use: Scroll            |     3 |       ||     3
       Potion            |       |     2 ||     2
 Stab: Sleeping          |     3 |       ||     3
       Distracted        |     1 |       ||     1
  Eat: Chunk             |     6 |       ||     6
Armor: Skin              |     2 |     1 ||     3
Dodge: Dodged            |    42 |     7 ||    49

Table legend:
 A = Spawn XP
 B = Non-spawn XP
 C = Spawn XP percentage of total XP
 D = Spawn monster count
 E = Non-spawn monster count
 F = Spawn count percentage of total count
 G = Total turns spent on level
                    A         B        C        D         E        F      G
               +---------+---------+-------+---------+---------+-------+---------
         Total |       0 |     108 |   0.0 |       0 |      30 |   0.0 |   747
               +---------+---------+-------+---------+---------+-------+---------
           D:1 |       0 |      39 |   0.0 |       0 |      21 |   0.0 |   290
           D:2 |       0 |      27 |   0.0 |       0 |       5 |   0.0 |   230
           D:3 |       0 |       5 |   0.0 |       0 |       2 |   0.0 |    90
           D:4 |       0 |      37 |   0.0 |       0 |       2 |   0.0 |   137
               +---------+---------+-------+---------+---------+-------+---------

Table legend:
 A = Turns spent in this place as a percentage of turns spent in the entire game.
 B = Non-inter-level travel turns spent in this place as a percentage of non-inter-level travel turns spent in the entire game.
 C = Inter-level travel turns spent in this place as a percentage of turns spent in this place.
 D = Turns resting spent in this place as a percentage of non-inter-level travel turns spent in this place.
 E = Turns spent auto-exploring this place as a percentage of non-inter-level travel turns spent in this place.
 F = Non-inter-level travel turns spent in this place divided by the number of levels of this place that you've seen.
                   A       B       C       D       E      F
               +-------+-------+-------+-------+-------+----------------------
         Total | 100.0 | 100.0 |   0.0 |   1.6 |   0.0 | 186.8
       Dungeon | 100.0 | 100.0 |   0.0 |   1.6 |   0.0 | 186.8
               +-------+-------+-------+-------+-------+----------------------

Table legend:
 A = Kills in this place as a percentage of kills in entire the game.
 B = Kills by you in this place as a percentage of kills by you in the entire game.
 C = Kills by friends in this place as a percentage of kills by friends in the entire game.
 D = Other kills in this place as a percentage of other kills in the entire game.
 E = Experience gained in this place as a percentage of experience gained in the entire game.
 F = Experience gained in this place divided by the number of levels of this place that you have seen.
                   A       B       C       D       E      F
               +-------+-------+-------+-------+-------+----------------------
         Total | 100.0 | 100.0 | 100.0 |   N/A | 100.0 |  27.0
       Dungeon | 100.0 | 100.0 | 100.0 |   N/A | 100.0 |  27.0
               +-------+-------+-------+-------+-------+----------------------

Vault maps used:
D:1:      minmay_arrival_radiant_lines, okawaru_ov_weapons_minmay
D:2:      gammafunk_temple_overflow_wave
D:3:      grunt_temple_overflow_open, serial_corexii_hall,
          corexii_hall_statues_i, corexii_hall_statues_l,
          corexii_hall_statues_deadend, corexii_hall_statues_x,
          corexii_hall_statues_l, corexii_hall_statues_l
D:4:      cheibrodos_helix_gallery, first_bread, serial_glass, glass_columns_a,
          glass_columns_b, grunt_decor_resistance, uniq_pikel
